 Dungeon Crawl Stone Soup version 0.21.1-1-g345015fe64 (webtiles) character file.

82 Gargoyl the Skirmisher (level 4, -1/39 HPs)
             Began as a Centaur Abyssal Knight on May 16, 2018.
             Was a Follower of Lugonu.
             Slain by an orc priest
             ... wielding a +0 hand axe
              (2 damage)
             ... on level 2 of the Dungeon.
             The game lasted 00:02:57 (1105 turns).

Gargoyl the Skirmisher (Centaur Abyssal Knight)     Turns: 1105, Time: 00:02:58

Health: -1/39      AC:  7    Str: 19    XL:     4   Next: 21%
Magic:  6/6        EV:  7    Int: 11    God:    Lugonu [*.....]
Gold:   25         SH:  0    Dex: 14    Spells: 3/3 levels left

rFire    . . .     SeeInvis .   a - +1 hand axe
rCold    . . .     Gourm    .   (no shield)
rNeg     . . .     Faith    .   g - +1 scale mail
rPois    .         Spirit   .   (no helmet)
rElec    .         Reflect  .   (no cloak)
rCorr    .         Harm     .   (no gloves)
MR       .....                  (no barding)
Stlth    ..........             (no amulet)
HPRegen  0.13/turn              d - +4 ring of dexterity
MPRegen  0.10/turn              (no ring)

@: mighty, flying, very quick
A: large, hooves 3, deformed body, speed 2, tough skin 3
a: Depart the Abyss, Renounce Religion


You were on level 2 of the Dungeon.
You worshipped Lugonu.
Lugonu was aware of your devotion.
You were not hungry.

You visited 1 branch of the dungeon, and saw 2 of its levels.
You visited the Abyss 1 time.

You collected 25 gold pieces.

Inventory:

Hand Weapons
 a - a +1 hand axe (weapon)
Armour
 g - a +1 scale mail (worn)
Jewellery
 d - a +4 ring of dexterity (left hand)
Comestibles
 c - a ration


   Skills:
 + Level 3.6 Fighting
 + Level 2.3 Axes
 * Level 2.2 Armour
 + Level 0.7 Dodging
 * Level 2.6 Invocations


You had 3 spell levels left.
You didn't know any spells.

Dungeon Overview and Level Annotations

Branches:
Dungeon (2/15)

Altars:
Uskayaw


Innate Abilities, Weirdness & Mutations

You have hooves in place of feet.
Armour fits poorly on your strangely shaped body.
You cover ground very quickly.
You have extremely tough skin. (AC +3)


Message History

You feel very buoyant.
You fly up into the air.
The orc priest calls down the wrath of Beogh upon you.
You barely resist. The orc hits you with a dagger. The orc closely misses you.
You closely miss the orc priest. You closely miss the orc.
You barely miss the orc.
The orc priest hits you but does no damage.
The orc hits you with a dagger. The orc hits you with a morningstar!
* * * LOW HITPOINT WARNING * * *
The orc priest hits you with a hand axe.
* * * LOW HITPOINT WARNING * * *
Your scale mail prevents you from hitting the orc priest.
You kick the orc priest.
The orc priest is heavily wounded.
You slash the orc!
You kill the orc!
Lugonu accepts your kill.
You hit the orc but do no damage. The orc barely misses you.
The orc priest hits you with a hand axe.
You die...

#..............#
...###.###.#.....#
##.##.......##### #
#.######........ #..
##.# #.#.#####
#....###.## ##'###
#...#######...##
####...........##
#@#########..##
#..)oo......###..#
?...............##..+
#..............o$#..#
#...#..........oo#..#
................o#.##
.[..............##.#
...............###.#
#########..#


You could see an orc priest and an orc.

Vanquished Creatures
  An orc wizard (D:2)
  2 adders (D:2)
  An ooze (D:2)
  A worm (D:2)
  2 dart slugs (D:1)
  2 orcs (D:2)
  A ball python (D:1)
  3 hobgoblins (D:1)
  2 jackals (D:1)
  3 bats
  A frilled lizard (D:2)
  4 kobolds
  4 rats
27 creatures vanquished.

Vanquished Creatures (others)
  A lurking horror (Abyss:1)
1 creature vanquished.

Grand Total: 28 creatures vanquished

Notes
Turn   | Place    | Note
-------+----------+-------------------------------------------
     0 | Abyss:1  | Gargoyl the Centaur Abyssal Knight began the quest for the Orb.
     0 | Abyss:1  | Reached XP level 1. HP: 19/19 MP: 2/2
    58 | Abyss:1  | Noticed a hellwing
   105 | D:1      | Escaped the Abyss
   283 | D:1      | Reached * piety under Lugonu
   415 | D:1      | Reached XP level 2. HP: 26/26 MP: 3/3
   858 | D:2      | Noticed a dagger
   859 | D:2      | Noticed a hand axe
   860 | D:2      | Found a hide-covered altar of Uskayaw.
   904 | D:2      | Reached XP level 3. HP: 29/31 MP: 4/4
  1099 | D:2      | Reached XP level 4. HP: 23/39 MP: 4/6
  1104 | D:2      | HP: 1/39 [orc priest/hand axe (3)]
  1105 | D:2      | Slain by an orc priest

Skill      XL: |  1  2  3 |
---------------+----------+-----
Axes           | 2 |  2.3
Armour         | 2 |  2.2
Fighting       | |  3.6
Dodging        | |  0.7
Invocations    | |  2.6

Action                   |  1- 3 |  4- 6 || total
-------------------------+-------+-------++-------
Melee: Hand axe          |    58 |     3 ||    61
       Kick              |    13 |     1 ||    14
Invok: Depart the Abyss  |     1 |       ||     1
  Use: Scroll            |     6 |       ||     6
       Potion            |       |     3 ||     3
Armor: Leather armour    |    10 |       ||    10
       Scale mail        |    31 |     6 ||    37
Dodge: Dodged            |    36 |     4 ||    40
